 Dungeon Crawl Stone Soup version 0.22-a0-99-g1ac4c55 (webtiles) character file.

140 solxrula the Cudgeler (level 5, -1/53 HPs)
             Began as a Troll Berserker on Jan 25, 2018.
             Was a Believer of Trog.
             Killed by divine providence
             ... invoked by an orc priest
              (15 damage)
             ... on level 3 of the Dungeon.
             The game lasted 00:07:00 (1774 turns).

solxrula the Cudgeler (Troll Berserker)             Turns: 1774, Time: 00:07:00

Health: -1/53      AC:  5    Str: 26    XL:     5   Next: 2%
Magic:  4/4        EV: 10    Int:  3    God:    Trog [**....]
Gold:   128        SH:  0    Dex:  9    Spells: 4/4 levels left

rFire    . . .     SeeInvis .   a - +0 mace
rCold    . . .     Gourm    +   (no shield)
rNeg     . . .     Faith    .   b - +0 animal skin
rPois    .         Spirit   .   (helmet restricted)
rElec    .         Reflect  .   (no cloak)
rCorr    .         Harm     .   (gloves unavailable)
MR       .....                  (boots unavailable)
Stlth    +.........             (no amulet)
HPRegen  0.57/turn              (no ring)
MPRegen  0.09/turn              (no ring)

@: no status effects
A: large, unfitting armour, claws 3, fast metabolism 3, gourmand, regeneration
1, shaggy fur 1, tough skin 2
a: Berserk, Trog's Hand, Burn Spellbooks, Renounce Religion


You were on level 3 of the Dungeon.
You worshipped Trog.
Trog was pleased with you.
You were full.

You visited 1 branch of the dungeon, and saw 3 of its levels.

You collected 128 gold pieces.

Inventory:

Hand Weapons
 a - a +0 mace (weapon)
Missiles
 f - 53 stones (quivered)
Armour
 b - a +0 animal skin (worn)
Jewellery
 d - an uncursed amulet of guardian spirit
 e - an uncursed amulet of regeneration {unknown}
Scrolls
 g - a scroll of teleportation
Comestibles
 c - 4 rations


   Skills:
 + Level 3.1 Fighting
 + Level 4.2 Maces & Flails
 + Level 3.0 Dodging
 + Level 0.1 Stealth


You had 4 spell levels left.
You didn't know any spells.

Dungeon Overview and Level Annotations

Branches:
Dungeon (3/15)

Altars:


Innate Abilities, Weirdness & Mutations

You are too large for most types of armour.
You have claws for hands.
Your metabolism is lightning-fast.
You like to eat raw meat.
Your natural rate of healing is unusually fast.
You are covered in fur. (AC +1)
You have very tough skin. (AC +2)


Message History

The orc priest casts a cantrip, but nothing happens.
An orc comes into view.
The orc shouts! 2 orc priests come into view.
The orc priest shouts! x2
The orc priest looks braver for a moment.
A bat comes into view.
You closely miss the orc priest.
The bat moves out of view.
The orc priest hits you.
The orc priest calls down the wrath of Beogh upon you.
Beogh smites you!
You sock the orc priest!
The orc priest is heavily wounded.
The orc priest hits you but does no damage.
The orc priest mumbles some strange prayers to Beogh against you.
Beogh smites you!
* * * LOW HITPOINT WARNING * * *
The orc priest invokes the aid of Beogh against you.
Beogh smites you!
You die...

. .# .. ?.##. #######
.o..oo###....<##### ##
.So..bo@....^.....# #.
#.###.###.#######.# #.
# #.#######.#####.
#...............
###.###.#######.###...
........# #.# #.#.
###.###.# #.# #.#.
#.#######.# #.#.
#......##.###...


You could see 3 orc priests, an adder (wandering), 2 orcs and a bat.

Vanquished Creatures
  A hound (D:2)
  A worker ant (D:2)
  An adder (D:2)
  An ooze (D:1)
  3 worms (D:2)
  2 dart slugs
  4 leopard geckos
  13 bats
  4 giant cockroaches
  3 goblins
  7 hobgoblins
  7 kobolds
  3 frilled lizards
  8 rats
58 creatures vanquished.

Notes
Turn   | Place    | Note
-------+----------+-------------------------------------------
     0 | D:1      | solxrula the Troll Berserker began the quest for the Orb.
     0 | D:1      | Reached XP level 1. HP: 22/22 MP: 0/0
    47 | D:1      | Reached XP level 2. HP: 19/29 MP: 1/1
   242 | D:1      | Reached skill level 3 in Maces & Flails
   564 | D:1      | Reached XP level 3. HP: 36/36 MP: 2/2
   707 | D:1      | Reached ** piety under Trog
  1008 | D:2      | Reached XP level 4. HP: 41/44 MP: 3/3
  1355 | D:2      | Reached skill level 4 in Maces & Flails
  1728 | D:3      | Reached XP level 5. HP: 53/53 MP: 4/4
  1774 | D:3      | Killed from afar by an orc priest

Vault maps used:
D:1:      sevenhm_arrival_forest_fort_small_4, minmay_pentomino_p2
D:3:      lemuel_crystal_altar, first_ration

Skill      XL: |  1  2  3  4 |
---------------+-------------+-----
Maces & Flails | 3 4 |  4.2
Dodging        | 3 |  3.0
Fighting       | 3 |  3.1
Stealth        | |  0.1

Action                   |  1- 3 |  4- 6 || total
-------------------------+-------+-------++-------
Melee: Mace              |   120 |    77 ||   197
  Use: Scroll            |     2 |     1 ||     3
       Potion            |     1 |     1 ||     2
 Stab: Sleeping          |     1 |       ||     1
  Eat: Chunk             |    12 |     6 ||    18
Armor: Animal skin       |    44 |    26 ||    70
Dodge: Dodged            |    69 |    50 ||   119

Table legend:
 A = Spawn XP
 B = Non-spawn XP
 C = Spawn XP percentage of total XP
 D = Spawn monster count
 E = Non-spawn monster count
 F = Spawn count percentage of total count
 G = Total turns spent on level
                    A         B        C        D         E        F      G
               +---------+---------+-------+---------+---------+-------+---------
         Total |       0 |     200 |   0.0 |       0 |      58 |   0.0 |  1774
               +---------+---------+-------+---------+---------+-------+---------
           D:1 |       0 |      54 |   0.0 |       0 |      26 |   0.0 |   846
           D:2 |       0 |     135 |   0.0 |       0 |      27 |   0.0 |   795
           D:3 |       0 |      11 |   0.0 |       0 |       5 |   0.0 |   133
               +---------+---------+-------+---------+---------+-------+---------
